 Dungeon Crawl Stone Soup version 0.26-b1-57-gb162d0664a (webtiles) character file.

Game seed: 12886069290793934887

97 Goreval the Conjurer (level 4, -1/27 HPs)
             Began as an Octopode Conjurer on Jan 8, 2021.
             Slain by an orc priest
             ... wielding a +0 short sword
              (3 damage)
             ... on level 3 of the Dungeon.
             The game lasted 00:02:43 (2411 turns).

Goreval the Conjurer (Octopode Conjurer)            Turns: 2411, Time: 00:02:44

Health: -1/27      AC:  1    Str:  6    XL:     4   Next: 68%
Magic:  1/7        EV: 13    Int: 21    God:
Gold:   92         SH:  0    Dex: 10    Spells: 2/8 levels left

rFire    . . .     SeeInvis +   c - +0 dagger
rCold    . . .     Faith    .   (no shield)
rNeg     . . .     Spirit   .   (helmet restricted)
rPois    .         Reflect  .   d - amulet of regeneration
rElec    .         Harm     .   k - ring of see invisible
rCorr    .         Rampage  .   (no ring)
Will     .....                  (no ring)
Stlth    +++.......             (no ring)
HPRegen  0.49/turn              (no ring)
MPRegen  0.10/turn              (no ring)
                                (no ring)
                                (no ring)

@: no status effects
A: almost no armour, stealthy swim, amphibious, 8 rings, constrict 8, camouflage
1, gelatinous body 1
a: no special abilities


You were on level 3 of the Dungeon.
You visited 1 branch of the dungeon, and saw 3 of its levels.

You collected 92 gold pieces.

Inventory:

Hand Weapons
 c - a +0 dagger (weapon)
Armour
 a - a +0 kite shield
Jewellery
 d - an amulet of regeneration (around mantle)
 k - a ring of see invisible (left tentacle)
 n - an uncursed ring of resist corrosion {unknown}
Wands
 g - a wand of flame (13)
 m - a wand of random effects (18)
Scrolls
 b - 5 scrolls of identify {unknown}
 e - a scroll of enchant weapon {unknown}
 h - a scroll of amnesia {unknown}
Potions
 f - a potion of invisibility {unknown}
 i - a potion of mutation {unknown}
 j - a potion of resistance {unknown}
 l - a potion of attraction {unknown}
 o - a potion of flight {unknown}
 p - 2 potions of curing {unknown}


   Skills:
 + Level 2.7 Dodging
 + Level 3.7 Stealth
 + Level 2.6 Spellcasting
 * Level 4.9 Conjurations


You had 2 spell levels left.
You knew the following spells:

 Your Spells              Type           Power        Failure   Level
a - Magic Dart            Conj           92%          1%          1
b - Searing Ray           Conj           46%          2%          2
c - Dazzling Flash        Conj/Hex       26%          16%         3

Your spell library contained the following spells:

 Spells                   Type           Power        Failure   Level
 Animate Skeleton         Necr           4%           14%         1
 Apportation              Tloc           4%           14%         1
 Corona                   Hex            2%           14%         1
 Summon Small Mammal      Summ           8%           14%         1
 Fulminant Prism          Conj/Hex       6%           45%         4
 Iskenderun's Mystic Bla  Conj/Tloc      13%          45%         4


Dungeon Overview and Level Annotations

Branches:
Dungeon (3/15)

Altars:


Innate Abilities, Weirdness & Mutations

You cannot wear most types of armour.
You are very stealthy in the water. (Stealth+)
You are amphibious.
You can wear up to eight rings at the same time.
You can use your tentacles to constrict eight enemies at once.
Your skin changes colour to match your surroundings (Stealth+).
Your rubbery body absorbs attacks. (AC +1, EV +1)


Message History

You hit the orc priest but do no damage.
You grab the orc priest.
You constrict the orc priest, but do no damage.
The orc priest barely misses you.
You hit the orc priest.
You squeeze the orc priest, but do no damage.
You constrict the orc priest, but do no damage.
The orc priest misses you.
You hit the orc priest but do no damage.
You squeeze the orc priest, but do no damage.
You constrict the orc priest, but do no damage.
The orc priest hits you but does no damage.
You hit the orc priest but do no damage.
You constrict the orc priest, but do no damage.
The orc priest hits you with a +0 short sword!
* * * LOW HITPOINT WARNING * * *
You hit the orc priest but do no damage.
You constrict the orc priest, but do no damage.
The orc priest hits you with a +0 short sword.
You die...

####..... #.#
#.......#########.#
#...........(...#
#.#...###########
##.## ###.####.#
.........#
....####.# # #@#


.gohhho.# #######.# #.# #[# #.# #.# ..# You could see an orc priest, an orc, 3
jackals and a goblin.

Vanquished Creatures
  Jessica (D:3)
  An adder (D:2)
  An ooze (D:3)
  A worm (D:2)
  2 dart slugs (D:1)
  2 orcs (D:3)
  3 giant cockroaches
  5 goblins
  4 hobgoblins
  5 jackals
  2 quokkas (D:2)
  9 bats
  4 frilled lizards
  4 kobolds
  5 rats
49 creatures vanquished.

Notes
Turn   | Place    | Note
-------+----------+-------------------------------------------
     0 | D:1      | Goreval the Octopode Conjurer began the quest for the Orb.
     0 | D:1      | Reached XP level 1. HP: 11/11 MP: 3/3
   195 | D:1      | Reached XP level 2. HP: 17/17 MP: 3/5
  1241 | D:2      | Reached XP level 3. HP: 21/21 MP: 3/6
  1244 | D:2      | Learned a level 2 spell: Searing Ray
  1248 | D:2      | Learned a level 3 spell: Dazzling Flash
  2172 | D:3      | Reached XP level 4. HP: 27/27 MP: 4/7
  2323 | D:3      | Noticed Jessica
  2326 | D:3      | Killed Jessica
  2410 | D:3      | HP: 1/27 [orc priest/+0 short sword (7)]
  2411 | D:3      | Slain by an orc priest

Illustrated notes

Levels and vault maps discovered:
D:1:      tarquinn_simple_flora_water_f, layout_loops_ring, minmay_pentomino_u4
D:2:      layout_basic
D:3:      layout_loops_ring, uniq_jessica, uniq_ijyb, uniq_crazy_yiuf_cottage

Skill      XL: |  1  2 |
---------------+-------+-----
Stealth        | 3 |  3.7
Dodging        | |  2.7
Spellcasting   | |  2.6
Conjurations   | |  4.9

Action                   |  1- 3 |  4- 6 || total
-------------------------+-------+-------++-------
Melee: Unarmed           |     5 |       ||     5
       Tentacles         |     6 |     3 ||     9
       Constrict         |     6 |     1 ||     7
       Dagger            |    21 |    10 ||    31
 Cast: Magic Dart        |    65 |     7 ||    72
       Searing Ray       |     1 |     3 ||     4
 Stab: Sleeping          |     1 |       ||     1
Dodge: Dodged            |    16 |     5 ||    21
